 Dungeon Crawl Stone Soup version 0.23.0 (webtiles) character file.

Game seed: 14972914558664744435

276 lapinsky the Chopper (level 6, -2/52 HPs)
             Began as a Hill Orc Fighter on Feb 18, 2019.
             Was a Follower of Nemelex Xobeh.
             Hit by a tomahawk thrown by an orc (3 damage)
             ... on level 5 of the Dungeon.
             The game lasted 00:08:40 (3134 turns).

lapinsky the Chopper (Hill Orc Fighter)             Turns: 3134, Time: 00:08:43

Health: -2/52      AC:  8    Str: 20    XL:     6   Next: 25%
Magic:  15/15      EV:  8    Int:  8    God:    Nemelex Xobeh [*.....]
Gold:   208        SH: 10    Dex: 11    Spells: 5/5 levels left

rFire    . . .     SeeInvis .   a - +0 war axe
rCold    + . .     Gourm    .   i - +1 shield (curse)
rNeg     . . .     Faith    .   b - +0 scale mail
rPois    .         Spirit   .   h - +0 helmet
rElec    .         Reflect  .   (no cloak)
rCorr    .         Harm     .   (no gloves)
MR       .....                  (no boots)
Stlth    ..........             (no amulet)
HPRegen  0.17/turn              e - ring of protection from cold
MPRegen  0.14/turn              g - ring of magical power

@: lethally poisoned (-2 -> -10)
A: no striking features
a: Draw Escape, Draw Destruction, Draw Summoning, Renounce Religion


You were on level 5 of the Dungeon.
You worshipped Nemelex Xobeh.
Nemelex Xobeh was aware of your devotion.
You were not hungry.

You visited 1 branch of the dungeon, and saw 5 of its levels.

You collected 208 gold pieces.

Inventory:

Hand Weapons
 a - a +0 war axe (weapon)
Armour
 b - a +0 scale mail (worn)
 c - a +0 shield
 h - a +0 helmet (worn)
 i - a cursed +1 shield (worn)
Jewellery
 e - a ring of protection from cold (left hand)
 g - a ring of magical power (right hand)
 m - an uncursed ring of flight {unknown}
Scrolls
 n - 2 scrolls of teleportation {unknown}
 p - 2 scrolls of identify
 q - 2 scrolls of remove curse {unknown}
Potions
 d - a potion of might
 j - a potion of curing {unknown}
 k - a potion of resistance {unknown}
 l - a potion of flight {unknown}
Comestibles
 f - 6 rations


   Skills:
 + Level 4.2 Fighting
 + Level 4.8 Axes
 * Level 1.3 Throwing
 + Level 4.3 Armour
 + Level 1.0 Dodging
 + Level 0.6 Stealth
 + Level 4.7 Shields


You had 5 spell levels left.
You didn't know any spells.
Your spell library was empty.

Dungeon Overview and Level Annotations

Branches:
Dungeon (5/15)
 Temple: D:4-7

Altars:
Fedhas
Gozag
Nemelex Xobeh
Wu Jian


Message History

The glob of acid misses the scorpion.
* * * LOW HITPOINT WARNING * * *
You feel sick. The scorpion stings you.
* * * LOW HITPOINT WARNING * * *
* * * LOW HITPOINT WARNING * * *
You feel sick.
You draw a card...
You have drawn Velocity.
The scorpion seems to slow down.
* * * LOW HITPOINT WARNING * * *
You feel sick.
A hound comes into view.
* * * LOW HITPOINT WARNING * * *
You feel sick.
The hound barks!
An orc comes into view. It is wielding a +0 club.
* * * LOW HITPOINT WARNING * * *
You feel sick.
The orc shouts!
The orc throws a tomahawk.
The tomahawk hits you.
You die...
Your body glows slightly and disappears.

..≈.......>.......<...≈≈≈.....
###.#.#..........o.....≈......
#.#..........<..............
#.####..........<...........
#.......................
######.(.......[........
#..................
#..................
#........@.......
#................
#........s.?.h...
#................
#........†.......
#................
#................
...............
...............


You could see a scorpion, a hound and an orc.

Vanquished Creatures
  An ogre (D:4)
  A worker ant (D:4)
  An orc wizard (D:3)
  A killer bee zombie (D:5)
  A hound zombie (D:5)
  2 adders
  4 worms
  A dart slug (D:1)
  3 leopard geckos
  4 orcs
  3 ball pythons
  7 bats
  2 giant cockroaches
  4 goblins
  7 hobgoblins
  11 jackals (D:1)
  9 kobolds
  2 quokkas (D:3)
  5 frilled lizards
  2 rats
71 creatures vanquished.

Notes
Turn   | Place    | Note
-------+----------+-------------------------------------------
     0 | D:1      | lapinsky the Hill Orc Fighter began the quest for the Orb.
     0 | D:1      | Reached XP level 1. HP: 19/19 MP: 1/1
    30 | D:1      | Reached XP level 2. HP: 20/27 MP: 2/2
   330 | D:1      | Reached XP level 3. HP: 33/33 MP: 3/3
   797 | D:2      | Reached XP level 4. HP: 32/40 MP: 4/4
   958 | D:2      | You fall through a shaft for 2 floors!
   959 | D:4      | Noticed an ogre
   990 | D:3      | Found a sparkling altar of Nemelex Xobeh.
   997 | D:3      | Became a worshipper of Nemelex Xobeh the Trickster
  1155 | D:3      | Received a gift from Nemelex Xobeh
  1618 | D:3      | Reached XP level 5. HP: 43/46 MP: 5/5
  2178 | D:4      | Found a blossoming altar of Fedhas.
  2212 | D:4      | Reached * piety under Nemelex Xobeh
  2231 | D:4      | Killed an ogre
  2231 | D:4      | Reached skill level 1 in Throwing
  2231 | D:4      | Reached skill level 1 in Dodging
  2231 | D:4      | Reached XP level 6. HP: 18/52 MP: 6/6
  2505 | D:4      | Found an ornate altar of the Wu Jian Council.
  2509 | D:4      | Found an opulent altar of Gozag.
  3060 | D:5      | Entered Level 5 of the Dungeon
  3133 | D:5      | HP: 2/52 [poisoned by a scorpion]
  3134 | D:5      | Hit by a tomahawk thrown by an orc

Skill      XL: |  1  2  3  4  5 |
---------------+----------------+-----
Axes           | 3 4 |  4.8
Fighting       | 4 |  4.2
Shields        | 4 |  4.7
Armour         | 4 |  4.3
Throwing       | 1 |  1.3
Dodging        | 1 |  1.0
Stealth        | |  0.6

Action                   |  1- 3 |  4- 6 || total
-------------------------+-------+-------++-------
Melee: War axe           |   131 |   127 ||   258
Throw: Tomahawk          |       |     7 ||     7
 Abil: Draw Escape       |       |     1 ||     1
       Draw Destruction  |       |     1 ||     1
  Use: Scroll            |     3 |       ||     3
  Eat: Chunk             |       |     4 ||     4
       Ration            |       |     1 ||     1
Armor: Scale mail        |    91 |    49 ||   140
Dodge: Dodged            |    70 |    34 ||   104
Block: Shield            |   106 |    75 ||   181
